 Dungeon Crawl Stone Soup version 0.29.1-2-gbd0b4ee654 (webtiles) character file.

Game seed: 1376630930535690365

51 Gabide the Insei (level 3, 0/18 HPs)
             Began as a Vine Stalker Monk on Nov 21, 2022.
             Slain by Grinder (3 damage)
             ... while paralysed by Grinder
             ... on level 3 of the Dungeon.
             The game lasted 00:05:30 (2642 turns).

Gabide the Insei (Vine Stalker Monk)                Turns: 2642, Time: 00:05:31

Health: 0/18       AC:  3    Str: 13    XL:     3   Next: 81%
Magic:  0/4        EV:  2    Int: 10    God:
Gold:   89         SH:  0    Dex: 18    Spells: 2/2 levels left

rFire   + . .      SeeInvis .     - Unarmed
rCold   + . .      Faith    .   (no shield)
rNeg    . . .      Spirit   +   a - +0 robe
rPois   +          Reflect  .   (no helmet)
rElec   +          Harm     .   (no cloak)
rCorr   +          Rampage  .   (no gloves)
Will    .....      Clarity  +   h - +0 pair of boots
Stlth   ++........ Rnd*Tele +   (no amulet)
HPRegen 0.06/turn               (no ring)
MPRegen 0.09/turn               (no ring)

@: paralysed, resistant
A: fangs 2, magic shield, antimagic bite, no potion heal 2, clarity, frail 1,
teleportitis 1, MP-powered wands
a: no special abilities


You were on level 3 of the Dungeon.
You visited 1 branch of the dungeon, and saw 3 of its levels.

You collected 89 gold pieces.

Inventory:

Missiles
 i - 9 stones (quivered)
Armour
 a - a +0 robe (worn)
 h - a +0 pair of boots (worn)
Scrolls
 k - a scroll of fear {unknown}
Potions
 b - a potion of ambrosia
 c - a potion of resistance
 f - a potion of curing {unknown}
 g - a potion of mutation


   Skills:
 * Level 3.1 Fighting
 * Level 2.9 Dodging
 + Level 2.9 Stealth
 * Level 3.6 Unarmed Combat


You had 2 spell levels left.
You didn't know any spells.
Your spell library contained the following spells:

 Spells                   Type           Power      Damage    Failure   Level
 Sublimation of Blood     Necr           0%         N/A       50%         2
 Wereblood                Tmut           0%         N/A       50%         2
 Summon Hydra             Summ           0%         N/A       100%        7


Dungeon Overview and Level Annotations

Branches:
Dungeon (3/15)

Altars:

Annotations:
D:3 Grinder


Innate Abilities, Weirdness & Mutations

You have extremely sharp teeth.
When hurt, damage is shared between your health and your magic reserves.
Your bite disrupts and absorbs the magic of your enemies.
Potions cannot restore your health.
You possess an exceptional clarity of mind.
You are frail. (-10% HP)
You are occasionally teleported next to monsters.
You expend magic power (3 MP) to strengthen your wands.


Message History

No target in view!
No target in view!
No target in view!
No target in view!
No target in view!
No target in view!
Grinder gestures at you.
You barely resist.
There is an open door here.
Grinder hits you!
You hit Grinder but do no damage.
Grinder is lightly wounded.
Grinder hits you!
* * * LOW HITPOINT WARNING * * *
You are too injured to fight recklessly!
You are too injured to fight recklessly!
You are too injured to fight recklessly!
You are too injured to fight recklessly!
You are too injured to fight recklessly!
You are too injured to fight recklessly!
You are too injured to fight recklessly!
You are too injured to fight recklessly!
You are too injured to fight recklessly!
You are too injured to fight recklessly!
You are too injured to fight recklessly!
You are too injured to fight recklessly!
You are too injured to fight recklessly!
You are too injured to fight recklessly!
You are too injured to fight recklessly!
You are too injured to fight recklessly!
You are too injured to fight recklessly!
You are too injured to fight recklessly!
You hit Grinder.
Grinder is lightly wounded.
Grinder barely misses you.
It was a potion of heal wounds.
That seemed strangely inert.
Grinder gestures at you.
You suddenly lose the ability to move!
Grinder hits you.
You die...

.#.# #.. ......#..
#....... ## .
....#.# . #.#
...#.#.#
...##.#.#.#
..........#
#..###5#.# .##
.......@.#####....
#.####+#'#<.......
#§§§§§...#.###
#§§.§....#
#§§..§§..#
#........#
##+#######


You could see Grinder.

Vanquished Creatures
  An adder (D:2)
  A worm (D:2)
  2 dart slugs
  2 endoplasms (D:1)
  3 giant cockroaches
  2 goblins (D:1)
  5 hobgoblins (D:1)
  3 kobolds
  2 quokkas (D:1)
  3 ball pythons (D:1)
  6 bats
  A frilled lizard (D:1)
  4 rats
35 creatures vanquished.

Notes
Turn   | Place    | Note
-------+----------+-------------------------------------------
     0 | D:1      | Gabide the Vine Stalker Monk began the quest for the Orb.
     0 | D:1      | Reached XP level 1. HP: 11/11 MP: 2/2
   318 | D:1      | Reached XP level 2. HP: 5/16 MP: 0/3
  1108 | D:1      | Reached XP level 3. HP: 17/20 MP: 2/4
  2617 | D:3      | Noticed Grinder
  2632 | D:3      | Gained mutation: You are occasionally teleported next to
                  | monsters. [potion of mutation]
  2632 | D:3      | Gained mutation: You possess an exceptional clarity of
                  | mind. [potion of mutation]
  2632 | D:3      | Gained mutation: You are frail. (-10% HP) [potion of
                  | mutation]
  2632 | D:3      | Gained mutation: You expend magic power (3 MP) to
                  | strengthen your wands. [potion of mutation]
  2641 | D:3      | Paralysed by Grinder for 4 turns
  2642 | D:3      | Slain by Grinder

Illustrated notes

Levels and vault maps discovered:
D:1:      dpeg_arrival_concentric_ovals, layout_loops_corners,
          minmay_misc_feat_x, palyth_stone_intersect, minmay_heptomino_h4
D:2:      layout_basic, serial_forest, infiniplex_forest_straight_5,
          infiniplex_forest_straight_5, infiniplex_forest_lined_room_3,
          infiniplex_forest_lined_1, infiniplex_forest_zigzag_1,
          infiniplex_forest_corner_1, nrook_mini_vaults
D:3:      layout_basic, uniq_grinder

Skill      XL: |  1  2 |
---------------+-------+-----
Fighting       | 3 |  3.1
Dodging        | |  2.9
Stealth        | |  2.9
Unarmed Combat | |  3.6

Action                   || total
-------------------------++-------
Melee: Unarmed           ||   102
       Bite              ||    23
       Punch             ||     4
Throw: Stone             ||    49
  Use: Potion            ||     3
       Scroll            ||     2
 Stab: Sleeping          ||     6
Armor: Robe              ||    13
Dodge: Dodged            ||    56
